 Dungeon Crawl Stone Soup version 0.24.0-37-gcf1ca852f1 (webtiles) character file.

Game seed: 15911997103514854872, levelgen mode: deterministic

394 PentaManta the Shield-Bearer (level 6, -1/38 HPs)
             Began as a Gargoyle Fighter on Nov 30, 2019.
             Slain by an ogre
             ... wielding a +0 giant club
              (21 damage)
             ... on level 4 of the Dungeon.
             The game lasted 00:11:03 (3840 turns).

PentaManta the Shield-Bearer (Gargoyle Fighter)     Turns: 3840, Time: 00:11:05

Health: -1/38      AC: 13    Str: 22    XL:     6   Next: 81%
Magic:  6/6        EV:  9    Int:  8    God:
Gold:   204        SH:  0    Dex:  9    Spells: 5/5 levels left

rFire    + . .     SeeInvis .   a - +0 war axe
rCold    . . .     Gourm    .   (no shield)
rNeg     + . .     Faith    .   b - +0 scale mail
rPois    ∞         Spirit   .   (no helmet)
rElec    +         Reflect  .   v - +0 cloak
rCorr    .         Harm     .   j - +0 pair of gloves
MR       .....                  (no boots)
Stlth    ..........             (no amulet)
HPRegen  0.12/turn              i - ring of protection from fire
MPRegen  0.10/turn              (no ring)

@: no status effects
A: negative energy resistance 1, electricity resistance, unbreathing,
petrification resistance, rot immunity, AC +4
a: no special abilities


You were on level 4 of the Dungeon.
You were not hungry.

You visited 1 branch of the dungeon, and saw 4 of its levels.

You collected 204 gold pieces.

Inventory:

Hand Weapons
 a - a +0 war axe (weapon)
 g - a +0 dagger
Missiles
 u - 6 poisoned darts (quivered)
Armour
 b - a +0 scale mail (worn)
 c - a +0 shield
 j - a +0 pair of gloves (worn)
 v - a +0 cloak (worn)
 w - a +0 buckler
Jewellery
 i - a ring of protection from fire (left hand)
 x - an uncursed amulet of harm {unknown}
Wands
 s - a wand of disintegration (17)
Scrolls
 l - a scroll of magic mapping {unknown}
 m - a scroll of amnesia {unknown}
 o - 4 scrolls of identify {unknown}
 q - a scroll of teleportation {unknown}
 r - a scroll of enchant armour {unknown}
 t - a scroll of noise {unknown}
Potions
 d - a potion of might
 e - 2 potions of resistance {unknown}
 h - 6 potions of curing {unknown}
 k - a potion of heal wounds {unknown}
 n - a potion of ambrosia {unknown}
 p - a potion of flight {unknown}
Comestibles
 f - 3 rations
 z - a chunk of flesh


   Skills:
 - Level 4.0 Fighting
 * Level 4.7 Axes
 - Level 4.0 Armour
 - Level 0.2 Dodging
 + Level 5.1 Shields


You had 5 spell levels left.
You didn't know any spells.
Your spell library was empty.

Dungeon Overview and Level Annotations

Branches:
Dungeon (4/15)
 Temple: D:4-7

Altars:
Elyvilon
Makhleb


Innate Abilities, Weirdness & Mutations

You are resistant to torment.
Your stone body is resilient. (AC +4)
You are immune to poison.
You resist negative energy. (rN+)
You are resistant to electric shocks. (rElec)
You can survive without breathing.
You are immune to petrification.
You are immune to rotting.


Message History

You kill the howler monkey!
You hit the ogre. The ogre closely misses you.
You closely miss the ogre.
The ogre is lightly wounded.
You slash the howler monkey! The howler monkey barely misses you.
The ogre hits you with a +0 giant club!!
Ouch! That really hurt!
You slash the ogre!
The ogre is moderately wounded.
You hit the howler monkey.
The howler monkey hoots and howls with incredible vigour!
The ogre barely misses you.
The howler monkey hits you but does no damage.
You slash the ogre!
The ogre is severely wounded.
You hit the howler monkey but do no damage.
The howler monkey barely misses you.
The ogre hits you with a +0 giant club!!
Ouch! That really hurt!
You die...

...##.#....
..........##
...........#
.........#.#
.........#
#.......#
..##..h†...###
.....aO@.$...##
......#.......##
..... ##..[....#
(... #.....### ...
#....## ..
##.....## #
#.......#
..####...#..####
..........#.....##


You could see an ogre, a howler monkey and a worker ant.

Vanquished Creatures
  An ogre (D:4)
  A howler monkey (D:4)
  A crimson imp (D:3)
  A hound (D:4)
  An orc priest (D:3)
  3 gnolls
  5 adders (D:2)
  2 oozes
  3 worms
  5 dart slugs
  4 orcs
  2 giant cockroaches
  10 goblins
  10 hobgoblins
  4 jackals (D:1)
  A quokka (D:2)
  11 bats
  6 frilled lizards
  10 kobolds
  5 rats
86 creatures vanquished.

Notes
Turn   | Place    | Note
-------+----------+-------------------------------------------
     0 | D:1      | PentaManta the Gargoyle Fighter began the quest for the
                  | Orb.
     0 | D:1      | Reached XP level 1. HP: 14/14 MP: 1/1
   157 | D:1      | Reached XP level 2. HP: 19/19 MP: 2/2
   298 | D:1      | Reached XP level 3. HP: 16/23 MP: 3/3
  1021 | D:2      | Reached XP level 4. HP: 29/29 MP: 4/4
  1419 | D:2      | Reached skill level 4 in Shields
  1668 | D:2      | Reached XP level 5. HP: 29/33 MP: 5/5
  2228 | D:3      | Found a faded altar of an unknown god.
  2670 | D:3      | Found a white marble altar of Elyvilon.
  3259 | D:3      | Found a burning altar of Makhleb.
  3515 | D:3      | Reached XP level 6. HP: 37/38 MP: 6/6
  3678 | D:4      | Reached skill level 5 in Shields
  3840 | D:4      | Slain by an ogre

Levels and vault maps discovered:
D:1:      saegor_arrival_simple_d, layout_loops_ring
D:2:      layout_basic, grunt_ministairs_2
D:3:      layout_basic, makhleb_grotto_becter, old_standard_altar,
          chequers_ecumenical_altar_simple_redux, kennysheep_generic_room_13
D:4:      layout_cave_pools

Skill      XL: |  1  2  3  4  5  6 |
---------------+-------------------+-----
Axes           | 2 3 4 |  4.7
Fighting       | 4 |  4.0
Armour         | 4 |  4.0
Shields        | 4 5 |  5.1
Dodging        | |  0.2

Action                   |  1- 3 |  4- 6 || total
-------------------------+-------+-------++-------
Melee: Short sword       |    28 |       ||    28
       War axe           |    49 |    74 ||   123
       Unarmed           |     1 |       ||     1
       Dagger            |    93 |   425 ||   518
Throw: Dart              |       |    14 ||    14
  Use: Scroll            |     1 |       ||     1
  Eat: Chunk             |       |     7 ||     7
       Ration            |       |     1 ||     1
Armor: Scale mail        |   120 |   305 ||   425
Dodge: Dodged            |   108 |   257 ||   365
